 Dungeon Crawl Stone Soup version 0.25.1-2-g60ff931df9 (webtiles) character file.

Game seed: 7868017157760883874

294 HawFromDerth the Thaumaturge (level 6, -4/32 HPs)
             Began as a Deep Elf Wizard on Sept 20, 2020.
             Slain by Sigmund
             ... wielding a +2 scythe of protection
              (10 damage)
             ... on level 4 of the Dungeon.
             The game lasted 00:10:19 (4740 turns).

HawFromDerth the Thaumaturge (Deep Elf Wizard)      Turns: 4740, Time: 00:10:19

Health: -4/32      AC:  4    Str:  2    XL:     6   Next: 11%
Magic:  4/19       EV: 13    Int: 25    God:
Gold:   147        SH:  0    Dex: 13    Spells: 17/21 levels left

rFire    . . .     SeeInvis .   k - +4 quarterstaff (chaos)
rCold    . . .     Gourm    .   (shield currently unavailable)
rNeg     . . .     Faith    .   a - +0 robe
rPois    .         Spirit   .   b - +0 hat
rElec    .         Reflect  .   l - +0 cloak
rCorr    .         Harm     .   (no gloves)
MR       .....                  e - +0 pair of boots (curse)
Stlth    +++.......             (no amulet)
HPRegen  0.10/turn              (no ring)
MPRegen  0.16/turn              (no ring)

@: no status effects
A: camouflage 1, blurry vision 1, weak 1
a: no special abilities


You were on level 4 of the Dungeon.
You were not hungry.

You visited 1 branch of the dungeon, and saw 4 of its levels.

You collected 147 gold pieces.

Inventory:

Hand Weapons
 c - a +2 dagger of distortion
 k - a +4 quarterstaff of chaos (weapon)
Armour
 a - a +0 robe (worn)
 b - a +0 hat (worn)
 e - a cursed +0 pair of boots (worn)
 l - a +0 cloak (worn)
Jewellery
 h - an uncursed ring of positive energy
Scrolls
 f - 5 scrolls of identify
 i - 2 scrolls of teleportation
Potions
 g - a potion of haste {unknown}
 j - a potion of flight
 m - a potion of brilliance
 n - a potion of curing
Comestibles
 d - 7 rations


   Skills:
 + Level 0.2 Fighting
 + Level 0.7 Short Blades
 + Level 0.4 Staves
 + Level 2.9 Dodging
 + Level 3.3 Stealth
 * Level 8.0 Spellcasting
 + Level 2.6 Conjurations
   Level 1.1 Summonings
   Level 1.1 Translocations


You had 17 spell levels left.
You knew the following spells:

 Your Spells              Type           Power        Failure   Level  Hunger
a - Magic Dart            Conj           ###.         1%          1    None
b - Conjure Flame         Conj/Fire      ###.....     11%         3    None

Your spell library contained the following spells:

 Spells                   Type           Power        Failure   Level  Hunger
 Blink                    Tloc           N/A          6%          2    None
 Call Imp                 Summ           ###.....     6%          2    None
 Slow                     Hex            ##......     9%          2    None
 Mephitic Cloud           Conj/Pois/Air  ##......     13%         3    None


Dungeon Overview and Level Annotations

Branches:
Dungeon (4/15)
 Temple: D:4-7

Altars:
Gozag
Nemelex Xobeh

Annotations:
D:4 Sigmund


Innate Abilities, Weirdness & Mutations

Your skin changes colour to match your surroundings (Stealth+).
Scrolls take you a little longer to read.
You are weak. (Str -2)


Message History

Sigmund is severely wounded.
Casting: Magic Dart (safe; 1% risk of failure)
Confirm with . or Enter, or press ? or * to list all spells.
Aiming: Magic Dart (safe; 1% risk of failure)
Press: ? - help, Shift-Dir - straight line, f/p - Sigmund
Aim: Sigmund, wielding a +2 scythe of protection and wearing a +0 robe (severely wounded)
The magic dart hits Sigmund but does no damage.
Sigmund is severely wounded.
Sigmund casts a spell at you. The puff of flame hits you!
* * * LOW HITPOINT WARNING * * *
Casting: Magic Dart (safe; 1% risk of failure)
Confirm with . or Enter, or press ? or * to list all spells.
Aiming: Magic Dart (safe; 1% risk of failure)
Press: ? - help, Shift-Dir - straight line, f/p - Sigmund
Aim: Sigmund, wielding a +2 scythe of protection and wearing a +0 robe (severely wounded)
The magic dart hits Sigmund.
Sigmund is almost dead.
Sigmund hits you from afar with a +2 scythe of protection!
You die...

#.......##.....########...##.##
#.......##.....#..........##.##
#..............+.....#.........
#..............#.....#.........
#..............#.....#.........
#..............#.....#.........
######..###....#.....##+####...
##..###....#......#...##...
#.........@#......#........
#..........#......#........
#.........@#......#........
#..........#......#....÷...
#..........'....†.#........
############......###.##+##
####.....#. #.....# #.....+


You could see Sigmund.

Vanquished Creatures
  A scorpion (D:4)
  A howler monkey (D:4)
  A hound (D:4)
  Crazy Yiuf (D:3)
  A centaur skeleton (D:3)
  4 adders
  A gnoll (D:1)
  An adder skeleton (D:3)
  5 leopard geckos
  2 orcs (D:3)
  3 giant cockroaches
  3 goblins (D:2)
  9 hobgoblins
  8 jackals
  3 quokkas
  5 bats
  6 frilled lizards
  3 kobolds
  9 rats
67 creatures vanquished.

Vanquished Creatures (others)
  A goblin (D:2)
  A jackal (D:2)
2 creatures vanquished.

Grand Total: 69 creatures vanquished

Notes
Turn   | Place    | Note
-------+----------+-------------------------------------------
     0 | D:1      | HawFromDerth the Deep Elf Wizard began the quest for the
                  | Orb.
     0 | D:1      | Reached XP level 1. HP: 10/10 MP: 7/7
   330 | D:1      | Reached skill level 5 in Spellcasting
   330 | D:1      | Reached XP level 2. HP: 15/15 MP: 1/10
  1126 | D:1      | Reached XP level 3. HP: 19/19 MP: 4/12
  1323 | D:2      | Gained mutation: You are weak. (Str -2) [potion of
                  | mutation]
  1323 | D:2      | Gained mutation: Scrolls take you a little longer to read.
                  | [potion of mutation]
  1323 | D:2      | Gained mutation: Your skin changes colour to match your
                  | surroundings (Stealth+). [potion of mutation]
  1926 | D:2      | Learned a level 3 spell: Conjure Flame
  2080 | D:2      | Reached skill level 6 in Spellcasting
  2591 | D:2      | Reached XP level 4. HP: 21/24 MP: 12/14
  2796 | D:2      | Found a sparkling altar of Nemelex Xobeh.
  2949 | D:3      | Found an opulent altar of Gozag.
  3238 | D:3      | Found a runed translucent door.
  3239 | D:3      | Noticed Crazy Yiuf
  4091 | D:3      | Reached skill level 7 in Spellcasting
  4091 | D:3      | Reached XP level 5. HP: 28/28 MP: 7/16
  4298 | D:3      | Killed Crazy Yiuf
  4544 | D:4      | Reached skill level 8 in Spellcasting
  4544 | D:4      | Reached XP level 6. HP: 24/32 MP: 2/19
  4723 | D:4      | Noticed Sigmund
  4740 | D:4      | Slain by Sigmund

Illustrated notes

Levels and vault maps discovered:
D:1:      erik_arrival_cave_to_civilisation [erik_arrival_cave_to_hall],
          layout_basic
D:2:      layout_loops_ring, lemuel_crystal_altar
D:3:      layout_basic, grunt_gozag_statues, uniq_crazy_yiuf_cottage
D:4:      layout_gridville, first_ration, uniq_sigmund

Skill      XL: |  1  2  3  4  5 |
---------------+----------------+-----
Spellcasting   | 5 6 7 8 |  8.0
Stealth        | 3 |  3.3
Conjurations   | 2 |  2.6
Fighting       | |  0.2
Short Blades   | |  0.7
Staves         | |  0.4
Dodging        | |  2.9
Summonings     | |  1.1
Translocations | |  1.1

Action                   |  1- 3 |  4- 6 || total
-------------------------+-------+-------++-------
Melee: Dagger            |    14 |     6 ||    20
       Unarmed           |     4 |       ||     4
       Quarterstaff      |       |     9 ||     9
 Cast: Magic Dart        |   114 |   103 ||   217
       Conjure Flame     |     2 |     4 ||     6
  Use: Potion            |     4 |     5 ||     9
       Scroll            |     4 |     3 ||     7
 Stab: Sleeping          |       |     2 ||     2
  Eat: Chunk             |     2 |     6 ||     8
       Ration            |     1 |       ||     1
Armor: Robe              |     2 |     2 ||     4
Dodge: Dodged            |    18 |    16 ||    34
